 Dungeon Sprint DCSS version 0.30-b1-6-gad0e9d6a2d (webtiles) character file.

Game seed: 13427911539298372319

835 Groucho the Imperceptible (level 7, -2/54 HPs)
             Began as a Felid Berserker on May 5, 2023.
             Was a Priest of Trog.
             Slain by a deep troll (15 damage)
             ... in the Dungeon (Sprint I: "Red Sonja").
             The game lasted 00:03:18 (1055 turns).

Groucho the Imperceptible (Felid Berserker)         Turns: 1055, Time: 00:03:18

Health: -2/54      AC:  2    Str: 13    XL:     7   Next: 66%
Magic:  8/8        EV: 25    Int:  8    God:    Trog [***...]
Gold:   562        SH:  0    Dex: 20    Spells: 6/6 levels left
                                        Lives:  0   Deaths: 2

rFire   . .          .
                       - Unarmed
rCold   . . .        (shield unavailable)
rNeg    . . .        (body armour unavailable)
rPois   .            (helmet unavailable)
rElec   .            (cloak unavailable)
rCorr   .            (gloves unavailable)
SInv    +            (boots unavailable)
Will    +....        (no amulet) Stlth
                     i - ring of flight
HPRegen 0.29/turn    (no ring)
MPRegen 0.11/turn

%: no teleportation
@: berserking, flying, very quick
A: very small, claws 1, fangs 3, see invisible, speed 1, shaggy fur 2, stealthy
paws, no weapons or thrown items, no armour, multi-lived
a: Renounce Religion, Berserk, Trog's Hand


You were in the Dungeon.
You worshipped Trog.
Trog was most pleased with you.
You visited 1 branch You collected 754 gold pieces.
You spent 192 gold pieces at shops.

Inventory:

Jewellery
 i - a ring of flight (left paw)
Wands
 g - a wand of mindburst (21)
Scrolls
 f - a scroll of identify {unknown}
Potions
 a - a potion of curing
 b - a potion of heal wounds
 c - a potion of haste
 d - 2 potions of magic
 e - a potion of berserk rage
 h - a potion of ambrosia {unknown}


   Skills:
 + Level 7.8 Fighting
 + Level 10.1 Dodging
 * Level 21.3 Stealth
 + Level 7.9 Unarmed Combat
 + Level 11.4 Evocations


You had 6 spell levels left.
You didn't know any spells.
Your spell library was empty.

Dungeon Overview and Level Annotations

Branches:
Dungeon (1/1)

Altars:
Cheibriados
Dithmenos
Elyvilon
Fedhas
Gozag
Hepliaklqana
Kikubaaqudgha
Makhleb
Nemelex Xobeh
Okawaru
Qazlal
Ru
Sif Muna
Trog
Uskayaw
Vehumet
Wu Jian
Xom
Yredelemnul
Zin
The Shining One
Jiyva
Lugonu

Shops:
D =[


Innate Abilities, Weirdness & Mutations

You have sharp claws.
You have razor-sharp teeth.
You have supernaturally acute eyesight. (SInv)
You cover ground quickly. (Speed+)
You are covered in thick fur. (AC +2)
Your paws help you pounce on unaware monsters.
You are incapable of wielding weapons or throwing items.
You cannot wear armour.
You gain extra lives every three experience levels.


Message History

The unseen horror closely misses you.
You scratch the unseen horror.
The unseen horror is heavily wounded.
The unseen horror barely misses you.
No target in view!
No target in view!
No target in view!
The unseen horror completely misses you.
You reach down and open the door.
The unseen horror barely misses you.
There is an open door here.
You see here the felid corpse of Groucho.
Found 4 stones.
Found Iluof's Armour Emporium.
There is an open door, spattered with blood here.
Found a granite ring.
You see here 27 gold pieces.
A red film seems to cover your vision as you go berserk!
You feel yourself moving faster!
You feel mighty!
The deep troll closely misses you. x2; The deep troll claws you!
You scratch the deep troll.
The deep troll is lightly wounded.
You claw the deep troll!
The deep troll is moderately wounded.
The deep troll misses you. The deep troll claws you!
The deep troll completely misses you.
You scratch the deep troll.
The deep troll is moderately wounded.
The deep troll bites you!!
* * * LOW HITPOINT WARNING * * *
The deep troll completely misses you. x2
You claw the deep troll! Your claw misses the deep troll.
The deep troll is heavily wounded.
You claw the deep troll!
The deep troll is severely wounded.
The deep troll completely misses you. x2; The deep troll closely misses you.
You barely miss the deep troll.
The deep troll is severely wounded.
You completely miss the deep troll.
The deep troll is severely wounded.
The deep troll bites you!
You die...

.#####'#####'#__####
.####..#...#.####[)####
.#__####..##)#~~§.§#..#
.#_____##'#_.'§§~..'§†#
⌠#_.∩...'..._#§§§.)#..#
##_..__##_.#'##'#####'###
#_____###'#[#)†.(# #§'.#
#########.####'###=###.#
+...+$$.@T'(∩##.#
#.).###########.#
##.###.....§.##§# #+#
#.....§§x§x# #+++######§#
JJ§...#§# #+§# ####


You could see a deep troll.

Vanquished Creatures
  2 centaur warriors (D)
  Sonja (D)
  An oklob plant (D)
  A hornet (D)
  A slime creature (D)
  Sigmund (D)
  A yak (D)
  2 redbacks (D)
  A floating eye (D)
  An ogre (D)
  A jelly (D)
  Ijyb (D)
14 creatures vanquished.

Notes
Turn   | Place    | Note
-------+----------+-------------------------------------------
     0 | D        | Groucho the Felid Berserker began the quest for the Orb.
     0 | D        | Reached XP level 1. HP: 10/10 MP: 2/2
     2 | D        | Noticed Ijyb
    12 | D        | Killed Ijyb
    13 | D        | Reached skill level 8 in Stealth
    13 | D        | Reached XP level 2. HP: 14/14 MP: 3/3
    60 | D        | Noticed an ogre
    68 | D        | Killed an ogre
    69 | D        | Reached skill level 11 in Stealth
    69 | D        | Reached XP level 3. HP: 14/17 MP: 4/4
    69 | D        | Reached XP level 4. HP: 17/21 MP: 5/5
   109 | D        | Noticed Sigmund
   111 | D        | Killed Sigmund
   111 | D        | Reached ** piety under Trog
   112 | D        | Reached skill level 14 in Stealth
   112 | D        | Reached XP level 5. HP: 24/24 MP: 6/6
   428 | D        | Found a burning altar of Makhleb.
   428 | D        | Found a viscous altar of Jiyva.
   428 | D        | Found a shimmering altar of Xom.
   428 | D        | Found a corrupted altar of Lugonu.
   428 | D        | Noticed a slime creature
   433 | D        | Killed a slime creature
   434 | D        | Reached skill level 16 in Stealth
   434 | D        | Gained mutation: You are covered in thick fur. (AC +2)
                  | [Felid growth]
   434 | D        | Reached XP level 6. HP: 28/28 MP: 7/7
   485 | D        | Found a shimmering blue altar of Sif Muna.
   486 | D        | Found an ornate altar of the Wu Jian Council.
   487 | D        | Found a radiant altar of Vehumet.
   518 | D        | Noticed Sonja
   522 | D        | Killed Sonja
   522 | D        | Reached *** piety under Trog
   523 | D        | Reached skill level 5 in Fighting
   523 | D        | Reached skill level 18 in Stealth
   523 | D        | Reached skill level 5 in Unarmed Combat
   523 | D        | Reached XP level 7. HP: 33/33 MP: 8/8
   523 | D        | Reached XP level 8. HP: 37/37 MP: 9/9
   538 | D        | Found Ustoocou's Jewellery Emporium.
   538 | D        | Found an ancient bone altar of Kikubaaqudgha.
   538 | D        | Found a hazy altar of Hepliaklqana.
   538 | D        | Found a stormy altar of Qazlal.
   538 | D        | Found a hide-covered altar of Uskayaw.
   538 | D        | Found a blossoming altar of Fedhas.
   538 | D        | Found a bloodstained altar of Trog.
   538 | D        | Found an iron altar of Okawaru.
   538 | D        | Found a basalt altar of Yredelemnul.
   538 | D        | Found a glowing golden altar of the Shining One.
   538 | D        | Found a snail-covered altar of Cheibriados.
   538 | D        | Found a sacrificial altar of Ru.
   538 | D        | Found a glowing silver altar of Zin.
   538 | D        | Found a shadowy altar of Dithmenos.
   538 | D        | Found a white marble altar of Elyvilon.
   539 | D        | Found an opulent altar of Gozag.
   541 | D        | Found a sparkling altar of Nemelex Xobeh.
   547 | D        | Bought a ring of flight for 192 gold pieces
   563 | D        | Noticed a centaur warrior
   921 | D        | Noticed a centaur warrior
   922 | D        | Killed a centaur warrior
   923 | D        | Reached skill level 19 in Stealth
   923 | D        | Reached skill level 10 in Evocations
   923 | D        | Killed a centaur warrior
   924 | D        | Reached skill level 20 in Stealth
   924 | D        | Reached XP level 9. HP: 42/42 MP: 10/10
   928 | D        | Reached **** piety under Trog
   940 | D        | Noticed an oklob plant
   942 | D        | Killed an oklob plant
   943 | D        | Reached skill level 21 in Stealth
   954 | D        | Reached skill level 10 in Dodging
   979 | D        | Paralysed by a floating eye for 2 turns
   990 | D        | Noticed an unseen horror
   991 | D        | Noticed an unseen horror
  1005 | D        | Mangled by an unseen horror
  1006 | D        | Reached XP level 8. HP: -7/40 MP: 9/9
  1011 | D        | Noticed a deep troll
  1016 | D        | Demolished by a deep troll
  1017 | D        | Reached XP level 7. HP: -15/36 MP: 8/8
  1045 | D        | Found Iluof's Armour Emporium.
  1055 | D        | Slain by a deep troll

Illustrated notes

Levels and vault maps discovered:
D:        dungeon_sprint_1 [red_sonja_temple_1, red_sonja_temple_small_1]

Skill      XL: |  1  2  3  4  5  6  7  8  9 |
---------------+----------------------------+-----
Stealth        | 8 11 14 16 18 20 21 | 21.3
Evocations     | 4 6 8 9 10 11 | 11.4
Fighting       | 5 6 7 |  7.8
Dodging        | 6 9 10 | 10.1
Unarmed Combat | 5 7 |  7.9

Action                     |  1- 3 |  4- 6 |  7- 9 || total
---------------------------+-------+-------+-------++-------
  Melee: Unarmed           |    11 |     5 |    28 ||    44
         Punch             |     1 |       |       ||     1
         Bite              |     1 |       |     2 ||     3
 Invoke: Berserk           |     2 |     1 |     2 ||     5
         Trog's Hand       |       |       |     2 ||     2
         Brothers in Arms  |       |       |     1 ||     1
    Use: Scroll            |       |       |     1 ||     1
   Stab: Sleeping          |       |     4 |     7 ||    11
  Dodge: Dodged            |     4 |     2 |    43 ||    49
